 Dungeon Crawl Stone Soup version 0.32-a0-136-gc02482bde3 (webtiles) character file.

Game seed: 10813917746900215879

15 horus123 the Magician (level 2, 0/22 HPs)
             Began as a Demonspawn Wanderer on Feb 11, 2024.
             Slain by an adder (1 damage)
             ... on level 2 of the Dungeon.
             The game lasted 00:01:34 (603 turns).

horus123 the Magician (Demonspawn Wanderer)          Turns: 603, Time: 00:01:34

Health: 0/22       AC:  5    Str: 11    XL:     2   Next: 34%
Magic:  5/5        EV:  8    Int: 12    God:
Gold:   36         SH:  0    Dex: 13    Spells: 4/5 levels left

rFire   . . .        a - +0 dagger
rCold   . . .        (no shield)
rNeg    . . .        c - +0 robe
rPois   .            (no helmet)
rElec   .            i - +0 cloak
rCorr   .            (no gloves)
SInv    +            d - +0 pair of boots
Will    .....        (no amulet)
Stlth   ++           e - ring of see invisible
HPRegen 0.23/turn    (no ring)
MPRegen 0.09/turn

%: no passive effects
@: lethally poisoned (0 -> -2), constricted
A: rugged brown scales 1
a: no special abilities


You were on level 2 of the Dungeon.
You visited 1 branch of the dungeon, and saw 2 of its levels.

You collected 36 gold pieces.

Inventory:

Hand Weapons
 a - a +0 dagger (weapon)
Armour
 c - a +0 robe (worn)
 d - a +0 pair of boots (worn)
 i - a +0 cloak (worn)
 k - a +0 buckler
Jewellery
 e - a ring of see invisible (left hand)
Scrolls
 f - a scroll of vulnerability {unknown}
 g - 3 scrolls of identify {unknown}
 h - 2 scrolls of teleportation {unknown}
 j - a scroll of enchant armour {unknown}
Potions
 b - a potion of lignification


   Skills:
 - Level 2.0 Fighting
 - Level 1.0 Armour
 - Level 1.0 Dodging
 - Level 1.0 Stealth
 + Level 2.2 Spellcasting
 - Level 1.0 Summonings
 - Level 1.7 Translocations
 - Level 1.0 Evocations


You had 4 spell levels left.
You knew the following spells:

 Your Spells              Type           Power      Damage    Failure   Level
a - Summon Small Mammal   Summ           12%        N/A       19%         1

Your spell library contained the following spells:

 Spells                   Type           Power      Damage    Failure   Level
 Apportation              Tloc           10%        N/A       13%         1
 Lesser Beckoning         Tloc           10%        N/A       19%         2
 Teleport Other           Tloc           5%         N/A       36%         3
 Summon Ice Beast         Ice/Summ       2%         N/A       54%         3
 Stone Arrow              Conj/Erth      2%         3d7       63%         3
 Animate Armour           Summ/Erth      4%         N/A       91%         4
 Lehudib's Crystal Spear  Conj/Erth      0%         10d2      100%        8


Dungeon Overview and Level Annotations

Branches:
Dungeon (2/15)

Altars:


Innate Abilities, Weirdness & Mutations

You are partially covered in rugged brown scales. (AC +1, +3% HP)


Message History

The adder hisses angrily.
The ball python bites you. The ball python misses you.
The adder bites you but does no damage.
You hit the adder but do no damage.
The ball python bites you but does no damage.
The ball python barely misses you. The adder bites you.
The ball python closely misses you. The ball python barely misses you.
You barely miss the adder. The adder misses you. The ball python bites you.
The ball python grabs you. The ball python constricts you. The adder bites you.
You hit the ball python.
The ball python is moderately wounded.
The ball python bites you but does no damage.
The ball python constricts you. The adder closely misses you.
You hit the ball python.
The ball python is severely wounded.
The adder bites you.
You are poisoned.
The adder poisons you!
The ball python bites you but does no damage.
The ball python constricts you.
You hit the adder but do no damage.
You feel sick. The adder barely misses you. The ball python bites you.
* * * LOW HITPOINT WARNING * * *
The ball python constricts you. The adder barely misses you.
You hit the adder.
The adder is moderately wounded.
You feel sick. The ball python closely misses you.
The ball python constricts you. The adder bites you but does no damage.
The ball python closely misses you. The ball python constricts you.
You hit the adder.
The adder is heavily wounded.
You feel sick. The adder bites you.
* * * LOW HITPOINT WARNING * * *
The ball python closely misses you. The ball python constricts you.
* * * LOW HITPOINT WARNING * * *
You hit the adder but do no damage.
The adder is heavily wounded.
* * * LOW HITPOINT WARNING * * *
You feel sick. The adder bites you.
You die...

###.##.##.# #.#
#...>.....# ...
#.#.##..#.# ...
#.#.##..#.# ...#
#.#.....#.# #...#
..##.........#.
.................
..##.$S>.....#...
##.#@###### ##
#.#S# # #.# ...
... ....# ....#
.###.#


You could see an adder and a ball python.

Vanquished Creatures
  A dart slug (D:1)
  A bat (D:1)
  An endoplasm (D:1)
  A goblin (D:1)
  2 jackals (D:2)
  2 quokkas (D:1)
  2 ball pythons
  A frilled lizard (D:2)
  A rat (D:1)
12 creatures vanquished.

Notes
Turn   | Place    | Note
-------+----------+-------------------------------------------
     0 | D:1      | horus123 the Demonspawn Wanderer began the quest for the
                  | Orb.
     0 | D:1      | horus123 set off with the following items: a +0 dagger, a
                  | potion of lignification, a +0 robe, a +0 pair of boots; and
                  | the following spells available to memorise: Apportation,
                  | Summon Small Mammal, Lesser Beckoning, Teleport Other,
                  | Summon Ice Beast.
     0 | D:1      | Reached XP level 1. HP: 16/16 MP: 2/2
     7 | D:1      | Learned a level 1 spell: Summon Small Mammal
    66 | D:1      | Found a faded altar of an unknown god.
   213 | D:1      | Gained mutation: You are partially covered in rugged brown
                  | scales. (AC +1, +3% HP) [demonic ancestry]
   213 | D:1      | Reached XP level 2. HP: 12/22 MP: 5/5
   603 | D:2      | HP: 1/22 [poisoned by an adder]
   603 | D:2      | Slain by an adder

Illustrated notes

Levels and vault maps discovered:
D:1:      erik_arrival_orb_chamber, layout_rooms, shapermc_ecumenical_altar_venn
D:2:      layout_loops_cross, solitary_fountain

Skill      XL: |  1 |
---------------+----+-----
Spellcasting   | 2 |  2.2
Fighting       | |  2.0
Armour         | |  1.0
Dodging        | |  1.0
Stealth        | |  1.0
Summonings     | |  1.0
Translocations | |  1.7
Evocations     | |  1.0

Action                     || total
---------------------------++-------
  Melee: Dagger            ||    67
 Armour: Robe              ||    38
  Dodge: Dodged            ||    44

Table legend: (Time is in decaauts)
 A = Elapsed time spent in this place.
 B = Non-inter-level travel time spent in this place.
 C = Inter-level travel time spent in this place.
 D = Time resting spent in this place.
 E = Time spent auto-exploring this place.
 F = Levels seen in this place.
 G = Mean time per level.
                   A        B        C        D        E       F      G
               +--------+--------+--------+--------+--------+-----+--------+
         Total |    602 |    598 |      4 |    141 |    295 |   2 |  301.0 |
       Dungeon |    602 |    598 |      4 |    141 |    295 |   2 |  301.0 |
               +--------+--------+--------+--------+--------+-----+--------+

Top non-repeatable levels by time:
     D:1: 527 daAuts
     D:2: 74 daAuts
